AoeStats
← GonzArg

Glade

503326668Analyzed
1v1 RM · 1mo ago on Aug 31, 2026· 31m 36s· 2 players
Game mode
Random Map
Map size
Tiny (2 player)
Population
200
Speed
Normal
Resources
Standard
Victory
Conquest
Starting age
Dark Age
Ending age
Imperial Age
RankedLock teamsTeams togetherTeam positionsShared explorationLock speedFull tech treeHidden civsTurbo modeCheats
Victory
Defeat
🇦🇷 Franks · Argentina
798
+17
🇺🇸 Spanish · United States
830
-17
BeyondAllWords
11:09 Feudal Age
12:02 Man-at-Arms
13:50 Scale Mail Armor
14:22 Forging
14:19 Loom
21:39 Double-Bit Axe
25:33 Castle Age
25:45 Horse Collar
25:59 Gold Mining
GonzArg
9:22 Loom
11:07 Feudal Age
9:26 Loom
12:05 Town Watch
12:49 Double-Bit Axe
14:37 Wheelbarrow
19:19 Castle Age
17:29 Fletching
19:18 Stone Mining
26:46 Bodkin Arrow
29:22 Ballistics
30:25 Murder Holes
32:04 Gold Mining
Connection lost

Rejoining the realm…

Still unreachable

The connection could not be restored.

Session expired

The server has moved on; the page needs a fresh start.